 Dungeon Crawl Stone Soup version 0.22-a0-373-gab1296c (webtiles) character file.

148 Amnesiac the Skirmisher (level 5, 0/41 HPs)
             Began as a Mummy Fighter on Apr 25, 2018.
             Was an Initiate of Okawaru.
             Slain by an orc
             ... wielding a +0 hand axe
              (3 damage)
             ... on level 4 of the Dungeon.
             The game lasted 00:04:50 (3075 turns).

Amnesiac the Skirmisher (Mummy Fighter)             Turns: 3075, Time: 00:04:50

Health: 0/41       AC:  8    Str: 20    XL:     5   Next: 8%
Magic:  7/7        EV:  8    Int:  7    God:    Okawaru [......]
Gold:   209        SH:  9    Dex: 12    Spells: 1/4 levels left

rFire    x . .     SeeInvis .   w - +0 long sword
rCold    + . .     Gourm    .   c - +0 shield
rNeg     + + +     Faith    .   l - +0 scale mail
rPois    ∞         Spirit   .   n - +0 helmet
rElec    .         Reflect  .   (no cloak)
rCorr    .         Harm     .   i - +0 pair of gloves
MR       .....                  (no boots)
Stlth    ..........             (no amulet)
HPRegen  0.13/turn              (no ring)
MPRegen  0.10/turn              (no ring)

@: no status effects
A: no food or potions, fire vulnerability, cold resistance 1, negative energy
resistance 3, torment resistance, unbreathing
a: Renounce Religion


You were on level 4 of the Dungeon.
You worshipped Okawaru.
Okawaru was noncommittal.
You were not hungry.

You visited 1 branch of the dungeon, and saw 4 of its levels.

You collected 209 gold pieces.

Inventory:

Hand Weapons
 a - a +0 dagger of venom
 b - a +0 hunting sling
 w - a +0 long sword (weapon)
Missiles
 g - 69 sling bullets
 h - 71 stones (quivered)
Armour
 c - a +0 shield (worn)
 i - a +0 pair of gloves (worn)
 l - a +0 scale mail (worn)
 n - a +0 helmet (worn)
Scrolls
 d - 3 scrolls of identify {!r, unknown}
 e - a scroll of fear {!r, unknown}
 f - 2 scrolls of amnesia {!r, unknown}
 j - a scroll of noise {!r, unknown}
 k - a scroll of remove curse {!r, unknown}
 m - a scroll of teleportation {!r, unknown}
 o - a scroll of immolation {!r, unknown}


   Skills:
 - Level 3.0 Fighting
 - Level 2.0 Long Blades
 - Level 2.4 Armour
 - Level 2.4 Dodging
 - Level 2.4 Shields
 + Level 2.8 Invocations


You had one spell level left.
You knew the following spells:

 Your Spells              Type           Power        Failure   Level  Hunger
a - Animate Skeleton      Necr           N/A          100%        1    N/A
b - Apportation           Tloc           #.....       100%        1    N/A
z - Confusing Touch       Hex            #.....       100%        1    N/A

Dungeon Overview and Level Annotations

Branches:
Dungeon (4/15)
 Temple: D:4-7

Altars:
Okawaru
Ru
Trog

Annotations:
D:3 Feta's ghost, amateur OgHu


Innate Abilities, Weirdness & Mutations

You do not eat or drink.
Your flesh is vulnerable to fire.
You are immune to poison.
Your flesh is cold resistant. (rC+)
You are immune to negative energy. (rN+++)
You are immune to unholy pain and torment.
You can survive without breathing.


Message History

The orc wizard shouts!
The orc shouts!
The orc moves out of view.
There are monsters nearby!
The orc wizard points at you and mumbles some strange words.
The puff of flame hits you! The fire burns you terribly!
Found 12 gold pieces.
There are monsters nearby!
You closely miss the orc wizard.
The orc wizard hits you but does no damage.
You block the orc's attack.
You slash the orc wizard!
The orc wizard is heavily wounded.
The orc wizard mumbles some strange words.
The orc wizard blinks!
The orc wizard hits you with a dagger. The orc hits you but does no damage.
The orc wizard gestures at you while chanting.
The puff of flame hits you! The fire burns you terribly!
The orc wizard gestures wildly while chanting.
The orc wizard seems to speed up.
You hit the orc but do no damage. The orc hits you with a hand axe.
* * * LOW HITPOINT WARNING * * *
You hit the orc wizard.
The orc wizard is almost dead.
You barely miss the orc wizard.
The orc wizard hits you but does no damage.
Your shield and scale mail prevent you from hitting the orc wizard.
You block the orc wizard's attack.
The orc wizard hits you but does no damage.
The orc hits you but does no damage.
Your shield and scale mail prevent you from hitting the orc wizard.
The orc wizard hits you with a dagger.
* * * LOW HITPOINT WARNING * * *
The orc wizard hits you but does no damage.
The orc wizard hits you with a dagger.
* * * LOW HITPOINT WARNING * * *
You aren't carrying any items that you can evoke.
Unknown command.
You slash the orc wizard!
The orc wizard is heavily wounded.
The orc wizard hits you but does no damage. x2
You barely miss the orc wizard.
The orc wizard is heavily wounded.
The orc wizard gestures wildly while chanting.
The orc wizard blinks!
You block the orc wizard's attack.
The orc wizard hits you but does no damage.
You barely miss the orc wizard.
The orc wizard is almost dead.
The orc wizard hits you but does no damage.
The orc wizard gestures at you while chanting.
The magic dart hits you!
* * * LOW HITPOINT WARNING * * *
You closely miss the orc wizard.
The orc wizard is almost dead.
You block the orc wizard's attack.
The orc wizard mumbles some strange words.
The orc wizard seems to speed up.
The orc hits you but does no damage. The orc wizard hits you with a dagger.
* * * LOW HITPOINT WARNING * * *
You block the orc wizard's attack.
You miss the orc wizard.
The orc wizard is almost dead.
The orc wizard hits you but does no damage. x2
The orc hits you with a hand axe.
You die...

........#.....#.#####..#
........#.≈≈≈.#.# ##.#
........#≈...≈#.# #.##
........#≈._.≈#.## ##..#
........#≈...≈#..# #..##
........#.≈≈≈.#..####.##
......<.#.....#.......#
.........#...#.#ooo####
..........#.#..o@#.oo#
#..........#.#######.#
##.............# #.o...#
##.#.###.#####...##.....#
#..#.....# ##........#
..#†..#### #......#
......# ##.....# #....##
#.....# ....## #....$#


You could see 2 orc wizards and 2 orcs.

Vanquished Creatures
  A hound (D:4)
  Robin (D:3)
  2 adders (D:4)
  An adder skeleton (D:3)
  2 worms
  2 leopard geckos
  5 orcs (D:3)
  5 bats
  3 giant cockroaches
  11 hobgoblins
  6 jackals
  3 kobolds
  A quokka (D:4)
  2 ball pythons
  4 frilled lizards
  13 goblins
  7 rats
69 creatures vanquished.

Notes
Turn   | Place    | Note
-------+----------+-------------------------------------------
     0 | D:1      | Amnesiac the Mummy Fighter began the quest for the Orb.
     0 | D:1      | Reached XP level 1. HP: 18/18 MP: 1/1
   178 | D:1      | Reached XP level 2. HP: 21/24 MP: 2/2
   255 | D:1      | Reached skill level 1 in Dodging
   638 | D:2      | Found an iron altar of Okawaru.
   742 | D:2      | Became a worshipper of Warmaster Okawaru
   983 | D:2      | Reached XP level 3. HP: 26/29 MP: 3/3
  1353 | D:3      | Noticed Robin
  1896 | D:2      | Reached skill level 1 in Invocations
  1896 | D:2      | Reached XP level 4. HP: 34/35 MP: 4/4
  1918 | D:3      | Killed Robin
  1973 | D:3      | Noticed Feta's ghost (amateur OgHu)
  2337 | D:3      | Found a bloodstained altar of Trog.
  2774 | D:4      | Learned a level 1 spell: Animate Skeleton
  2776 | D:4      | Learned a level 1 spell: Apportation
  2778 | D:4      | Learned a level 1 spell: Confusing Touch
  2791 | D:4      | Found a sacrificial altar of Ru.
  2839 | D:4      | Reached XP level 5. HP: 25/41 MP: 6/6
  3074 | D:4      | HP: 2/41 [orc wizard/dagger (4)]
  3075 | D:4      | Slain by an orc

Vault maps used:
D:1:      minmay_arrival_four_loops
D:2:      lemuel_crystal_altar, minivault_26
D:3:      nicolae_overflow_hidden_temple, uniq_robin
D:4:      nicolae_ru_awakened_eye, first_ration

Skill      XL: |  1  2  3  4 |
---------------+-------------+-----
Long Blades    | 2 |  2.0
Dodging        | 1 2 |  2.4
Invocations    | 1 2 |  2.8
Fighting       | |  3.0
Armour         | |  2.4
Shields        | |  2.4

Action                   |  1- 3 |  4- 6 || total
-------------------------+-------+-------++-------
Melee: Long sword        |   172 |   108 ||   280
 Fire: Hunting sling     |       |     4 ||     4
Armor: Scale mail        |    93 |    61 ||   154
Dodge: Dodged            |    65 |    51 ||   116
Block: Shield            |   105 |    48 ||   153
       Rpst.: Long sword |    29 |    20 ||    49

Table legend:
 A = Spawn XP
 B = Non-spawn XP
 C = Spawn XP percentage of total XP
 D = Spawn monster count
 E = Non-spawn monster count
 F = Spawn count percentage of total count
 G = Total turns spent on level
                    A         B        C        D         E        F      G
               +---------+---------+-------+---------+---------+-------+---------
         Total |       0 |     212 |   0.0 |       0 |      69 |   0.0 |  3075
               +---------+---------+-------+---------+---------+-------+---------
           D:1 |       0 |      34 |   0.0 |       0 |      21 |   0.0 |   606
           D:2 |       0 |      44 |   0.0 |       0 |      23 |   0.0 |  1506
           D:3 |       0 |      57 |   0.0 |       0 |      18 |   0.0 |   429
           D:4 |       0 |      77 |   0.0 |       0 |       7 |   0.0 |   534
               +---------+---------+-------+---------+---------+-------+---------
